 Dungeon Crawl Stone Soup version 0.29-a0-845-g6161e89988 (webtiles) character file.

Game seed: 3558907431037850722

30 omnesmortales the Trooper (level 3, -1/33 HPs)
             Began as a Minotaur Fighter on July 16, 2022.
             Constricted to death by Terence (5 damage)
             ... on level 2 of the Dungeon.
             The game lasted 00:05:24 (1264 turns).

omnesmortales the Trooper (Minotaur Fighter)        Turns: 1264, Time: 00:05:24

Health: -1/33      AC:  7    Str: 22    XL:     3   Next: 5%
Magic:  2/2        EV:  6    Int:  5    God:
Gold:   77         SH:  4    Dex:  9    Spells: 2/2 levels left

rFire   . . .      SeeInvis .   a - +0 war axe
rCold   . . .      Faith    .   c - +0 buckler
rNeg    . . .      Spirit   .   b - +0 scale mail
rPois   .          Reflect  .   (helmet restricted)
rElec   .          Harm     .   (no cloak)
rCorr   .          Rampage  .   (no gloves)
Will    .....                   (no boots)
Stlth   ..........              (no amulet)
HPRegen 0.11/turn               (no ring)
MPRegen 0.08/turn               (no ring)

@: grasped by roots, constricted
A: horns 2, retaliatory headbutt
a: no special abilities


You were on level 2 of the Dungeon.
You visited 1 branch of the dungeon, and saw 2 of its levels.

You collected 77 gold pieces.

Inventory:

Hand Weapons
 a - a +0 war axe (weapon)
 m - a +1 short sword of holy wrath
Missiles
 n - 2 poisoned darts (quivered)
Armour
 b - a +0 scale mail (worn)
 c - a +0 buckler (worn)
Magical Staves
 g - a staff of cold
Scrolls
 e - a scroll of enchant armour {unknown}
 i - a scroll of teleportation {unknown}
 k - 2 scrolls of identify {unknown}
 l - a scroll of torment {unknown}
 o - a scroll of noise {unknown}
Potions
 d - a potion of might
 f - a potion of resistance {unknown}
 h - a potion of haste {unknown}
 j - a potion of lignification {unknown}
 p - a potion of degeneration {unknown}
 q - a potion of heal wounds {unknown}
 r - a potion of curing {unknown}


   Skills:
 + Level 4.1 Fighting
 - Level 0.2 Short Blades
 + Level 2.9 Axes
 + Level 4.1 Armour
 + Level 3.9 Shields


You had 2 spell levels left.
You didn't know any spells.
Your spell library contained the following spells:

 Spells                   Type           Power      Damage    Failure   Level
 Summon Guardian Golem    Hex/Summ       0%         N/A       99%         3
 Orb of Destruction       Conj           0%         9d5       100%        7
 Spellforged Servitor     Conj/Summ      0%         N/A       100%        7


Dungeon Overview and Level Annotations

Branches:
Dungeon (2/15)

Altars:

Annotations:
D:2 Terence


Innate Abilities, Weirdness & Mutations

You have a pair of horns on your head.
You reflexively headbutt those who attack you in melee.


Message History

You headbutt Terence, but do no damage.
A goblin comes into view. It is wielding a +0 dagger.
Terence barely misses you.
You closely miss Terence. You headbutt Terence, but do no damage.
Terence zaps a wand.
The roots erupt in riotous growth!
The grasping roots grab you!
Terence is unaffected.
The grasping roots constrict you.
You hear a shout!
You hit Terence but do no damage. Your headbutt misses Terence.
Terence hits you with a +0 short sword. The grasping roots constrict you.
You closely miss Terence. Terence hits you with a +0 short sword.
The grasping roots constrict you. Terence hits you with a +0 short sword.
The grasping roots constrict you. The goblin closely misses you.
The grasping roots release their grip on you.
You closely miss Terence. You headbutt Terence, but do no damage.
You miss the goblin. The goblin hits you with a +0 dagger.
You block Terence's attack.
You barely miss Terence. You closely miss the goblin.
The goblin hits you but does no damage. Terence hits you with a +0 short sword.
* * * LOW HITPOINT WARNING * * *
You block the goblin's attack. Terence hits you but does no damage.
You hit Terence.
Terence is moderately wounded.
You barely miss the goblin. The goblin hits you with a +0 dagger.
* * * LOW HITPOINT WARNING * * *
Terence hits you but does no damage.
You hit Terence.
Terence is heavily wounded.
You closely miss the goblin. You block the goblin's attack.
Terence hits you but does no damage.
You hit Terence but do no damage. Your headbutt misses Terence.
Terence is heavily wounded.
You closely miss the goblin. The goblin hits you but does no damage.
Terence hits you with a +0 short sword.
* * * LOW HITPOINT WARNING * * *
Terence zaps a wand.
The roots erupt in riotous growth!
The grasping roots grab you!
Terence is unaffected.
The goblin is unaffected.
The grasping roots constrict you.
You die...

#.....#.##.# #.###
#........#.# #.#..
#.......##.#########.#.#
#.......##.............#
#....)..############.###
......#.##..# #.#
#######.##..####### #.#
# #............# #.# #
#..###@....... #.###
#..# #@g####.# #.#..
#..# #..# #.... #..#
#..# #.##.. .... ##....
##.## ##.## .# #. # .#
#. ..


You could see Terence and a goblin.

Vanquished Creatures
  A worm (D:2)
  A dart slug (D:1)
  A bat (D:2)
  2 endoplasms (D:2)
  A giant cockroach (D:1)
  3 hobgoblins (D:1)
  4 jackals (D:1)
  A quokka (D:1)
  2 ball pythons (D:1)
  3 goblins (D:1)
  2 kobolds (D:1)
  A rat (D:2)
22 creatures vanquished.

Notes
Turn   | Place    | Note
-------+----------+-------------------------------------------
     0 | D:1      | omnesmortales the Minotaur Fighter began the quest for the
                  | Orb.
     0 | D:1      | Reached XP level 1. HP: 19/19 MP: 0/0
    10 | D:1      | Found a faded altar of an unknown god.
   292 | D:1      | Reached XP level 2. HP: 20/27 MP: 1/1
  1225 | D:2      | Reached XP level 3. HP: 30/33 MP: 2/2
  1250 | D:2      | Noticed Terence
  1264 | D:2      | Constricted to death by Terence

Illustrated notes

Levels and vault maps discovered:
D:1:      grunt_arrival_lava_bath, layout_loops_ring, basic_ecumenical_altar,
          chequers_jeans
D:2:      layout_loops_ring, uniq_natasha, uniq_terence

Skill      XL: |  1  2 |
---------------+-------+-----
Fighting       | 4 |  4.1
Armour         | 4 |  4.1
Short Blades   | |  0.2
Axes           | |  2.9
Shields        | |  3.9

Action                   || total
-------------------------++-------
Melee: War axe           ||    48
       Short sword       ||    26
       Headbutt          ||     6
Armor: Scale mail        ||    36
Dodge: Dodged            ||    33
Block: Buckler           ||    28

Table legend: (Time is in decaauts)
 A = Elapsed time spent in this place.
 B = Non-inter-level travel time spent in this place.
 C = Inter-level travel time spent in this place.
 D = Time resting spent in this place.
 E = Time spent auto-exploring this place.
 F = Levels seen in this place.
 G = Mean time per level.
                   A        B        C        D        E       F      G
               +--------+--------+--------+--------+--------+-----+--------+
         Total |   1284 |   1284 |      0 |    278 |    603 |   2 |  642.0 |
       Dungeon |   1284 |   1284 |      0 |    278 |    603 |   2 |  642.0 |
               +--------+--------+--------+--------+--------+-----+--------+

Top non-repeatable levels by time:
     D:1: 1143 daAuts
     D:2: 141 daAuts
